 Dungeon Crawl Stone Soup version 0.20.0-15-g7f486f2 (webtiles) character file.

68 Chiseanne the Magician (level 4, 30/30 HPs)
             Began as a Demonspawn Wizard on June 14, 2017.
             Quit the game on level 2 of the Dungeon.
             The game lasted 00:03:05 (2319 turns).

Chiseanne the Magician (Demonspawn Wizard)          Turns: 2319, Time: 00:03:06

Health: 30/30      AC:  5    Str:  7    XL:     4   Next: 1%
Magic:  7/9        EV: 12    Int: 20    God:
Gold:   51         SH:  0    Dex: 12    Spells: 9/10 levels left

rFire    . . .     SeeInvis .   k - +3 whip
rCold    . . .     Gourm    .   (no shield)
rNeg     . . .     Faith    .   a - +0 robe
rPois    .         Spirit   .   b - +0 hat
rElec    .         Reflect  .   (no cloak)
rCorr    .         Harm     .   (no gloves)
MR       .....                  (no boots)
Stlth    ++........             (no amulet)
Regen    0.1/turn               (no ring)
MPRegen  0.2/turn               (no ring)

@: no status effects
A: claws 1, molten scales 2
a: no special abilities


You were on level 2 of the Dungeon.
You were not hungry.

You visited 1 branch of the dungeon, and saw 2 of its levels.

You collected 51 gold pieces.

Inventory:

Hand Weapons
 k - a +3 whip (weapon)
Missiles
 h - 13 poisoned needles
 j - 25 stones (quivered)
Armour
 a - a +0 robe (worn)
 b - a +0 hat (worn)
Jewellery
 m - an uncursed ring of resist corrosion {unknown}
Scrolls
 e - a scroll of teleportation
 i - a scroll of blinking
 o - a scroll of identify {unknown}
Potions
 g - a potion of lignification {unknown}
 l - a potion of curing {unknown}
Books
 c - a book of Minor Magic

   Spells                             Type                      Level
   a - Magic Dart                     Conjuration                  1
   b - Blink                          Translocation                2
   c - Call Imp                       Summoning                    2
   d - Slow                           Hexes                        2
   e - Conjure Flame                  Conjuration/Fire             3
   f - Mephitic Cloud                 Conjuration/Poison/Air       3
Comestibles
 d - a bread ration
 f - a meat ration


   Skills:
 - Level 1.7 Dodging
 - Level 1.7 Stealth
 * Level 3.8 Spellcasting
 * Level 2.8 Conjurations
   Level 1.0 Summonings
   Level 0.8 Translocations


You had 9 spell levels left.
You knew the following spells:

 Your Spells              Type           Power        Failure   Level  Hunger
a - Magic Dart            Conj           ###.         4%          1    None


Dungeon Overview and Level Annotations

Branches:
Dungeon (2/15)

Altars:


Innate Abilities, Weirdness & Mutations

You have sharp fingernails.
You are mostly covered in molten scales. (AC +3)


Message History

There is a large open door here.
There is a large open door here.
You see here a club.
o - a scroll labeled INLUISEPNA
There is a stone staircase leading down here.
All of the chunks of flesh in your inventory have rotted away.
You open the door.
A bat comes into view.
There is an open door here.
Casting: Magic Dart
Confirm with . or Enter, or press ? or * to list all spells.
Aiming: Magic Dart
Press: ? - help, Shift-Dir - straight line, f - bat
Aim: a bat (resting)
The magic dart hits the bat.
You kill the bat!
You have reached level 4!
You feel agile.
Your demonic ancestry asserts itself...
Your fingernails lengthen.
Are you sure you want to abandon this character and quit the game? (Confirm with "yes".)

#...........#
######...........#
)....)......>....#
.................#
.................#
.................#
######...........#
######...........#
.......#.#######@#
.......#.# #.....#
.......#.# #.....#
.#######.# #.....#
.# #.# #.....+ .#
#.# #.....# .# #.#
#.....# .. #+#
#...†.# #


There were no monsters in sight!

Vanquished Creatures
  An adder (D:2)
  3 leopard geckos
  2 ball pythons (D:1)
  A giant cockroach (D:1)
  6 goblins
  7 hobgoblins
  9 jackals
  3 kobolds (D:1)
  A quokka (D:2)
  7 bats
  4 frilled lizards (D:2)
  6 rats
50 creatures vanquished.

Notes
Turn   | Place    | Note
-------+----------+-------------------------------------------
     0 | D:1      | Chiseanne the Demonspawn Wizard began the quest for the Orb.
     0 | D:1      | Reached XP level 1. HP: 13/13 MP: 4/4
   293 | D:1      | Gained mutation: You are partially covered in molten scales. (AC +2) [demonic ancestry]
   293 | D:1      | Reached XP level 2. HP: 15/19 MP: 1/6
  1356 | D:1      | Gained mutation: You are mostly covered in molten scales. (AC +3) [demonic ancestry]
  1356 | D:1      | Reached XP level 3. HP: 24/24 MP: 5/8
  2318 | D:2      | Gained mutation: You have sharp fingernails. [demonic ancestry]
  2318 | D:2      | Reached XP level 4. HP: 30/30 MP: 7/9
  2319 | D:2      | Quit the game

Skill      XL: |  1  2 |
---------------+-------+-----
Conjurations   | 2 |  2.8
Dodging        | |  1.7
Stealth        | |  1.7
Spellcasting   | |  3.8
Summonings     | |  1.0
Translocations | |  0.8

Action                   |  1- 3 |  4- 6 || total
-------------------------+-------+-------++-------
Melee: Club              |    42 |       ||    42
       Whip              |     8 |       ||     8
 Cast: Magic Dart        |    98 |     1 ||    99
  Use: Scroll            |     4 |       ||     4
  Eat: Chunk             |     4 |       ||     4
Armor: Robe              |    30 |       ||    30
Dodge: Dodged            |    86 |       ||    86
